 Dungeon Sprint DCSS version 0.24.1-14-gf8d2b509d9 (webtiles) character file.

Game seed: 14092368265861992621, levelgen mode: deterministic

65 Baz the Shield-Bearer (level 4, -4/39 HPs)
             Began as a Formicid Fighter on Sept 26, 2020.
             Was an Initiate of Okawaru.
             Slain by a fire elemental (11 damage)
             ... summoned by a deep elf mage
             ... in the Dungeon (Sprint VII: "The Pits").
             The game lasted 00:01:30 (542 turns).

Baz the Shield-Bearer (Formicid Fighter)             Turns: 542, Time: 00:01:30

Health: -4/39      AC: 10    Str: 22    XL:     4   Next: 34%
Magic:  4/4        EV:  8    Int:  7    God:    Okawaru [......]
Gold:   0          SH: 10    Dex: 10    Spells: 3/3 levels left

rFire    . . .     SeeInvis +   q - +1 hand axe (freeze)
rCold    . . .     Gourm    .   c - +0 shield
rNeg     . . .     Faith    .   p - +3 scale mail
rPois    .         Spirit   .   (helmet unavailable)
rElec    .         Reflect  .   (no cloak)
rCorr    .         Harm     .   (no gloves)
MR       .....                  (no boots)
Stlth    ..........             (no amulet)
HPRegen  0.13/turn              (no ring)
MPRegen  0.09/turn              (no ring)

@: no status effects
A: permanent stasis, dig shafts and tunnels, four strong arms, antennae 3
a: Dig, Renounce Religion


You were in the Dungeon.
You worshipped Okawaru.
Okawaru was noncommittal.
You were not hungry.

You visited 1 branch

Inventory:

Hand Weapons
 a - a +0 war axe
 q - a +1 hand axe of freezing (weapon)
Armour
 b - a +0 scale mail
 c - a +0 shield (worn)
 p - a +3 scale mail (worn)
Scrolls
 k - a scroll of blinking
 m - 3 scrolls of remove curse
 n - 5 scrolls of amnesia
 o - a scroll of summoning
Potions
 d - a potion of might
 e - 6 potions of curing
 g - 6 potions of heal wounds
 h - a potion of haste
 i - 4 potions of magic
 j - 3 potions of berserk rage
 l - 2 potions of invisibility
Comestibles
 f - 9 rations


   Skills:
 + Level 5.0 Fighting
 * Level 5.2 Axes
 + Level 4.9 Armour
 + Level 5.4 Shields


You had 3 spell levels left.
You didn't know any spells.
Your spell library was empty.

Dungeon Overview and Level Annotations

Branches:
Dungeon (1/1)

Altars:
Ashenzari
Cheibriados
Dithmenos
Elyvilon
Fedhas
Gozag
Hepliaklqana
Kikubaaqudgha
Makhleb
Nemelex Xobeh
Okawaru
Qazlal
Ru
Sif Muna
Trog
Uskayaw
Vehumet
Wu Jian
Xom
Yredelemnul
Zin
The Shining One
Beogh
Jiyva
Lugonu

Annotations:
D Purgy


Innate Abilities, Weirdness & Mutations

You cannot be hasted, slowed, berserked, paralysed or teleported.
You can dig through walls and to a lower floor.
Your four strong arms can wield two-handed weapons with a shield.
You have a pair of large antennae on your head. (SInv)


Message History

The fire elemental hits you. The fire elemental burns you!
Things that are here:
a +0 flail; a gnoll skeleton You block the fire elemental's attack.
Your scale mail prevents you from hitting the fire elemental.
The fire elemental hits you. The fire elemental burns you!
Unknown command.
You barely miss the fire elemental. The fire elemental hits you.
The fire elemental burns you!
* * * LOW HITPOINT WARNING * * *
Unknown command.
Unknown command.
You miss the fire elemental. You block the fire elemental's attack.
The fire elemental closely misses you.
Unknown command.
Unknown command.
You barely miss the fire elemental. The fire elemental hits you.
* * * LOW HITPOINT WARNING * * *
The fire elemental burns you!
You die...

############
#_________.#
#_________.#
#_______...###########+
##########'##..........
#.?(.')))'.##......#..#
##########.##..........
#.).EE@.....'..........
#'#####'#####......#..#
#{#.....#.)##..........
#°#.....#))#####'#####+
#.###)###.)##.......#
#{#.....#))##.......#
#.#.....#.[##.......#
#.####'##'###...<...#
#○#...††...##.......#


You could see 2 fire elementals.

Vanquished Creatures
  A mummy (D)
  3 gnolls (D)
  A river rat (D)
  2 leopard geckos (D)
  A ball python (D)
  A bat (D)
  A giant cockroach (D)
  A goblin (D)
  2 jackals (D)
  A frilled lizard (D)
  A rat (D)
15 creatures vanquished.

Notes
Turn   | Place    | Note
-------+----------+-------------------------------------------
     0 | D        | Baz the Formicid Fighter began the quest for the Orb.
     0 | D        | Reached XP level 1. HP: 18/18 MP: 1/1
    50 | D        | Found a bloodstained altar of Trog.
    50 | D        | Found a shimmering blue altar of Sif Muna.
    50 | D        | Found a viscous altar of Jiyva.
    50 | D        | Found a hazy altar of Hepliaklqana.
    50 | D        | Found an opulent altar of Gozag.
    51 | D        | Found a glowing golden altar of the Shining One.
    51 | D        | Found a glowing silver altar of Zin.
    51 | D        | Found a basalt altar of Yredelemnul.
    51 | D        | Found a shimmering altar of Xom.
    51 | D        | Found an ornate altar of the Wu Jian Council.
    51 | D        | Found a sacrificial altar of Ru.
    51 | D        | Found a stormy altar of Qazlal.
    51 | D        | Found an iron altar of Okawaru.
    51 | D        | Found a sparkling altar of Nemelex Xobeh.
    51 | D        | Found a burning altar of Makhleb.
    51 | D        | Found a blossoming altar of Fedhas.
    51 | D        | Found a white marble altar of Elyvilon.
    51 | D        | Found a shadowy altar of Dithmenos.
    51 | D        | Found a snail-covered altar of Cheibriados.
    52 | D        | Found a radiant altar of Vehumet.
    52 | D        | Found a corrupted altar of Lugonu.
    52 | D        | Found a roughly hewn altar of Beogh.
    53 | D        | Found a hide-covered altar of Uskayaw.
    53 | D        | Found an ancient bone altar of Kikubaaqudgha.
    53 | D        | Found a shattered altar of Ashenzari.
    59 | D        | Became a worshipper of Warmaster Okawaru
    72 | D        | Reached XP level 2. HP: 25/25 MP: 2/2
   150 | D        | Noticed a deep elf mage
   167 | D        | Reached XP level 3. HP: 18/30 MP: 3/3
   176 | D        | Reached skill level 5 in Shields
   179 | D        | Reached XP level 4. HP: 16/38 MP: 4/4
   308 | D        | Reached skill level 5 in Fighting
   308 | D        | Reached skill level 5 in Axes
   524 | D        | Noticed a fire elemental
   524 | D        | Noticed a fire elemental
   524 | D        | Noticed Purgy
   542 | D        | Slain by a fire elemental

Levels and vault maps discovered:
D:        pitsprint [storerooms_1, entrance_room_1, metal_vault_6, armoury_2,
          mini_pit_1, grid_room_1, main_hall_1, silver_pit, the_coven_3,
          the_vestibule_1, steel_vault_3, golden_pit, hallway_of_sentries,
          crystal_vault_2, iron_vault_2, final_vault]

Skill      XL: |  1  2  3  4 |
---------------+-------------+-----
Shields        | 4 5 |  5.4
Axes           | 3 4 5 |  5.2
Fighting       | 4 5 |  5.0
Armour         | 4 |  4.9

Action                   |  1- 3 |  4- 6 || total
-------------------------+-------+-------++-------
Melee: War axe           |     5 |       ||     5
       Hand axe          |    24 |    11 ||    35
Armor: Scale mail        |    10 |     3 ||    13
Dodge: Dodged            |    12 |     2 ||    14
Block: Shield            |    14 |     2 ||    16
